 Dungeon Crawl Stone Soup version 0.28.0-45-g0d030f2227 (console) character file.

Game seed: 15691198975779880499

42 Cab the Chopper (level 3, -8/29 HPs)
             Began as a Demonspawn Fighter on Apr 20, 2022.
             Mangled by Crazy Yiuf
             ... wielding a +3 quarterstaff of chaos
              (9 damage)
             ... on level 2 of the Dungeon.
             The game lasted 00:04:18 (1862 turns).

Cab the Chopper (Demonspawn Fighter)                Turns: 1862, Time: 00:04:18

Health: -8/29      AC:  6    Str: 18    XL:     3   Next: 35%
Magic:  3/3        EV:  9    Int:  9    God:
Gold:   170        SH:  4    Dex: 12    Spells: 2/2 levels left

rFire   . . .      SeeInvis .   a - +0 war axe
rCold   . . .      Faith    .   c - +0 buckler
rNeg    . . .      Spirit   .   b - +0 scale mail
rPois   .          Reflect  .   (helmet restricted)
rElec   .          Harm     .   (no cloak)
rCorr   .          Rampage  .   (no gloves)
Will    .....                   (no boots)
Stlth   ..........              (no amulet)
HPRegen 0.09/turn               (no ring)
MPRegen 0.16/turn               (no ring)

@: no status effects
A: horns 1, magic regeneration
a: no special abilities


You were on level 2 of the Dungeon.
You visited 1 branch of the dungeon, and saw 2 of its levels.

You collected 170 gold pieces.

Inventory:

Hand Weapons
 a - a +0 war axe (weapon)
Armour
 b - a +0 scale mail (worn)
 c - a +0 buckler (worn)
Scrolls
 f - 4 scrolls of identify {unknown}
 g - a scroll of blinking {unknown}
 h - a scroll of noise {unknown}
 i - a scroll of vulnerability {unknown}
Potions
 d - a potion of might
 e - a potion of lignification {unknown}
 j - 2 potions of curing {unknown}


   Skills:
 - Level 3.0 Fighting
 + Level 3.3 Axes
 - Level 2.7 Armour
 - Level 2.7 Shields


You had 2 spell levels left.
You didn't know any spells.
Your spell library was empty.

Dungeon Overview and Level Annotations

Branches:
Dungeon (2/15)

Altars:

Shops:
D:1 *

Annotations:
D:2 Crazy Yiuf


Innate Abilities, Weirdness & Mutations

You have a pair of small horns on your head.
You regenerate magic rapidly.


Message History

Moving in this stuff is going to be slow.
You enter the shallow water.
Moving in this stuff is going to be slow.
You see here a hobgoblin skeleton.
A worm comes into view.
A rat comes into view.
You see here 5 gold pieces.
You closely miss the rat. You block the rat's attack.
You slash the rat!
You kill the rat!
You now have 170 gold pieces (gained 5).
You slash the worm!
The worm is heavily wounded.
You block the worm's attack.
You hit the worm but do no damage. You headbutt the worm.
The worm is heavily wounded.
You block the worm's attack.
You slash the worm!
You kill the worm!
You see here a worm corpse.
Found a mace.
Found a runed translucent door.
Crazy Yiuf shouts!
Press: ? - help, v - describe, . - travel
Here: Crazy Yiuf, wielding a +3 quarterstaff of chaos and wearing a +0 cloak (fire blocked by a runed translucent door)
The floor.
As you open the door, it creaks loudly!
You completely miss Crazy Yiuf. Crazy Yiuf hits you but does no damage.
You resist with some effort. Crazy Yiuf closely misses you.
You hit Crazy Yiuf but do no damage.
Crazy Yiuf hits you with a +3 quarterstaff of chaos.
Crazy Yiuf burns you.
You barely miss Crazy Yiuf. Crazy Yiuf closely misses you.
You hit Crazy Yiuf. You headbutt Crazy Yiuf.
Crazy Yiuf is moderately wounded.
Crazy Yiuf hits you with a +3 quarterstaff of chaos.
You are electrocuted!
Ouch! That really hurt!
* * * LOW HITPOINT WARNING * * *
Crazy Yiuf hits you with a +3 quarterstaff of chaos!
You die...

▒▒▒▒▒
▒)∙∙▒
▒∙∙∙▒
∙∙∙ ▒g▒
▒@▒▒
▒▒∙▒
▒∙▒▒
▒▒∙▒
▒▒∙▒▒
▒∙∙
▒▒∙∙∙▒
▒∙▒
▒P∙∙∙▒
▒▒▒∙▒
▒∙∙∙∙▒
∙∙∙▒
▒▒▒∙∙▒▒


You could see Crazy Yiuf.

Vanquished Creatures
  An adder (D:2)
  2 worms (D:2)
  A dart slug (D:1)
  2 ball pythons (D:1)
  4 endoplasms (D:1)
  2 giant cockroaches
  2 goblins (D:1)
  2 hobgoblins
  A quokka (D:2)
  A bat (D:1)
  3 frilled lizards (D:1)
  2 kobolds (D:1)
  2 rats
25 creatures vanquished.

Vanquished Creatures (others)
  A plant (D:2)
1 creature vanquished.

Grand Total: 26 creatures vanquished

Notes
Turn   | Place    | Note
-------+----------+-------------------------------------------
     0 | D:1      | Cab the Demonspawn Fighter began the quest for the Orb.
     0 | D:1      | Reached XP level 1. HP: 18/18 MP: 1/1
    45 | D:1      | Found Ostrih's Assorted Antiques.
   257 | D:1      | Gained mutation: You regenerate magic rapidly. [demonic
                  | ancestry]
   257 | D:1      | Reached XP level 2. HP: 24/24 MP: 2/2
  1190 | D:2      | HP: 1/24 [worm (1)]
  1601 | D:2      | Gained mutation: You have a pair of small horns on your
                  | head. [demonic ancestry]
  1601 | D:2      | Reached XP level 3. HP: 29/29 MP: 3/3
  1854 | D:2      | Found a runed translucent door.
  1855 | D:2      | Noticed Crazy Yiuf
  1862 | D:2      | HP: 1/29 [Crazy Yiuf/+3 quarterstaff of chaos (17)]
  1862 | D:2      | Mangled by Crazy Yiuf

Illustrated notes

Levels and vault maps discovered:
D:1:      tarquinn_simple_flora_water_d, layout_basic, serial_shops,
          shop_fountains
D:2:      layout_basic, serial_bayou_ford_a, uniq_crazy_yiuf_cottage

Skill      XL: |  1  2 |
---------------+-------+-----
Axes           | 2 3 |  3.3
Fighting       | |  3.0
Armour         | |  2.7
Shields        | |  2.7

Action                   || total
-------------------------++-------
Melee: War axe           ||    74
       Headbutt          ||     3
Armor: Scale mail        ||    28
Dodge: Dodged            ||    26
Block: Buckler           ||    18
